 Dungeon Crawl Stone Soup version 0.21.1-1-g345015f (webtiles) character file.

35776 inc the Thaumaturge (level 13, -3/73 HPs)
             Began as a Felid Fire Elementalist on Feb 26, 2018.
             Was an Initiate of Gozag.
             Blown up by an orb spider (43 damage)
             ... with an orb of destruction
             ... on level 1 of the Spider Nest.
             The game lasted 02:49:45 (48899 turns).

inc the Thaumaturge (Felid Fire Elementalist)      Turns: 48899, Time: 02:49:45

Health: -3/73      AC:  9    Str:  2    XL:     13   Next: 49%
Magic:  23/30      EV: 29    Int: 24    God:    Gozag
Gold:   249        SH:  5    Dex: 18    Spells: 12/37 levels left
                                        Lives:  0   Deaths: 4

rFire    . . .     SeeInvis +     - Unarmed
rCold    + . .     Gourm    .   (shield unavailable)
rNeg     . . .     Faith    .   (armour unavailable)
rPois    .         Spirit   .   (helmet unavailable)
rElec    .         Reflect  +   (cloak unavailable)
rCorr    .         Harm     .   (gloves unavailable)
MR       ++...                  (boots unavailable)
Stlth    +++.......             Q - +5 amulet of reflection
HPRegen  0.22/turn              B - ring of protection from magic
MPRegen  0.22/turn              A - +6 ring of protection

@: gold aura, quick
A: very small, no armour, no weapons or thrown items, stealth, claws 1, fangs 3,
see invisible, agile 1, carnivore, deterioration 1, speed 1, robust 2, shaggy
fur 3, slow metabolism 1, weak 1, sharp paws
a: Potion Petition, Call Merchant, Bribe Branch, Renounce Religion


You were on level 1 of the Spider Nest.
You worshipped Gozag.
Gozag was aware of your devotion.
You were not hungry.

You visited 8 branches of the dungeon, and saw 29 of its levels.
You also visited: Sewer.

You collected 8755 gold pieces.
You spent 3381 gold pieces at shops.
You paid 5125 gold pieces to Gozag.

Inventory:

Jewellery
 g - an uncursed ring of flight
 y - a +3 ring of evasion
 z - an uncursed ring of resist corrosion {unknown}
 A - a +6 ring of protection (right paw)
 B - a ring of protection from magic (left paw)
 J - the ring of Qakekiy {rElec rF- rN+ Dex+6}
   (You took it off a deep elf mage on level 3 of the Elven Halls)

   [ring of dexterity]

   It affects your dexterity (+6).
   It makes you vulnerable to fire.
   It insulates you from electricity.
   It protects you from negative energy.
 K - an uncursed ring of wizardry
 Q - a +5 amulet of reflection (around neck)
Wands
 f - a wand of disintegration (15)
 o - a wand of acid (5)
 E - a wand of polymorph (11)
Scrolls
 e - 12 scrolls of remove curse
 i - 2 scrolls of fog
 k - 5 scrolls of teleportation
 m - 4 scrolls of blinking
 t - a scroll of silence {unknown}
 v - 7 scrolls of amnesia {unknown}
 x - 2 scrolls of torment {unknown}
 C - a scroll of magic mapping {unknown}
 I - 6 scrolls of fear
 T - a scroll of identify
 U - a scroll of brand weapon {unknown}
 X - a scroll of immolation {unknown}
Potions
 c - 12 potions of curing
 d - a potion of magic
 h - 3 potions of haste
 l - 5 potions of flight
 p - 4 potions of berserk rage
 s - 2 potions of ambrosia
 G - 3 potions of agility
 H - 3 potions of might
 M - 2 potions of invisibility
 N - a potion of cancellation
 P - 5 potions of brilliance
 S - 7 potions of heal wounds
 V - a potion of resistance
 Y - a potion of mutation
Books
 a - a book of Flames

   Spells                             Type                      Level
   a - Flame Tongue                   Conjuration/Fire             1
   b - Throw Flame                    Conjuration/Fire             2
   c - Conjure Flame                  Conjuration/Fire             3
   d - Inner Flame                    Hexes/Fire                   3
   e - Sticky Flame                   Conjuration/Fire             4
   f - Fireball                       Conjuration/Fire             5
 j - the Compendium of Orientation
   (You found it on level 3 of the Elven Halls)

   Spells                             Type                      Level
   a - Apportation                    Translocation                1
   b - Passage of Golubria            Translocation                4
   c - Dispersal                      Translocation                6
   d - Disjunction                    Translocation                8
 n - a book of Misfortune

   Spells                             Type                      Level
   a - Confusing Touch                Hexes                        1
   b - Confuse                        Hexes                        3
   c - Gell's Gravitas                Translocation                3
   d - Petrify                        Transmutation/Earth          4
   e - Metabolic Englaciation         Hexes/Ice                    5
   f - Yara's Violent Unravelling     Hexes/Transmutation          5
 q - a book of Cantrips

   Spells                             Type                      Level
   a - Confusing Touch                Hexes                        1
   b - Animate Skeleton               Necromancy                   1
   c - Summon Small Mammal            Summoning                    1
   d - Apportation                    Translocation                1
 r - a book of Conjurations

   Spells                             Type                      Level
   a - Magic Dart                     Conjuration                  1
   b - Searing Ray                    Conjuration                  2
   c - Dazzling Spray                 Conjuration/Hexes            3
   d - Fulminant Prism                Conjuration/Hexes            4
   e - Force Lance                    Conjuration/Translocation    4
   f - Iskenderun's Mystic Blast      Conjuration                  4
 w - a book of Annihilations

   Spells                             Type                      Level
   a - Poison Arrow                   Conjuration/Poison           6
   b - Chain Lightning                Conjuration/Air              8
   c - Lehudib's Crystal Spear        Conjuration/Earth            8
   d - Glaciate                       Conjuration/Ice              9
   e - Fire Storm                     Conjuration/Fire             9
 D - a book of Maledictions

   Spells                             Type                      Level
   a - Corona                         Hexes                        1
   b - Ensorcelled Hibernation        Hexes/Ice                    2
   c - Confuse                        Hexes                        3
   d - Tukima's Dance                 Hexes                        3
   e - Dazzling Spray                 Conjuration/Hexes            3
 F - a book of Transfigurations

   Spells                             Type                      Level
   a - Irradiate                      Conjuration/Transmutation    5
   b - Statue Form                    Transmutation/Earth          6
   c - Hydra Form                     Transmutation                6
   d - Dragon Form                    Transmutation                7
 L - a book of Minor Magic

   Spells                             Type                      Level
   a - Magic Dart                     Conjuration                  1
   b - Blink                          Translocation                2
   c - Call Imp                       Summoning                    2
   d - Slow                           Hexes                        2
   e - Conjure Flame                  Conjuration/Fire             3
   f - Mephitic Cloud                 Conjuration/Poison/Air       3
 W - a book of Callings

   Spells                             Type                      Level
   a - Summon Small Mammal            Summoning                    1
   b - Call Imp                       Summoning                    2
   c - Call Canine Familiar           Summoning                    3
   d - Summon Guardian Golem          Hexes/Summoning              3
   e - Summon Lightning Spire         Summoning/Air                4
   f - Summon Ice Beast               Ice/Summoning                4
Miscellaneous
 u - a crystal ball of energy
Comestibles
 b - 11 rations


   Skills:
 - Level 10.0 Fighting
 - Level 12.5 Dodging
 - Level 2.6 Stealth
 - Level 6.7 Unarmed Combat
 - Level 12.8 Spellcasting
 - Level 11.6 Conjurations
 - Level 3.2 Hexes
 + Level 7.0 Transmutations
 - Level 11.6 Fire Magic
 + Level 5.8 Earth Magic


You had 12 spell levels left.
You knew the following spells:

 Your Spells              Type           Power        Failure   Level  Hunger
a - Flame Tongue          Conj/Fire      #####        1%          1    None
b - Sticky Flame          Conj/Fire      ######..     1%          4    None
c - Confusing Touch       Hex            ####..       1%          1    None
d - Fireball              Conj/Fire      ######....   1%          5    ###....
e - Apportation           Tloc           ###...       4%          1    None
f - Mephitic Cloud        Conj/Pois/Air  ####....     2%          3    None
g - Iskenderun's Mystic   Conj           ######..     1%          4    None
h - Statue Form           Tmut/Erth      #####....    38%         6    #####..


Dungeon Overview and Level Annotations

Branches:
Dungeon (14/15)            Temple (1/1) D:4            Lair (6/6) D:11
 Shoals (1/4) Lair:2       Spider (1/4) Lair:3        Slime (1/5) Lair:6
    Orc (2/2) D:12            Elf (3/3) Orc:2
 Vaults: D:13-14

Altars:
Ashenzari
Cheibriados
Dithmenos
Elyvilon
Fedhas
Gozag
Hepliaklqana
Kikubaaqudgha
Makhleb
Nemelex Xobeh
Okawaru
Qazlal
Ru
Sif Muna
Trog
Uskayaw
Vehumet
Wu Jian
Xom
Yredelemnul
Zin
The Shining One
Beogh

Shops:
D:11 !   D:12 !*   Orc:2 [*   Elf:1 (}**!   Elf:3 *   Shoals:1 :

Annotations:
D:3 Natasha
D:4 bmj180's ghost, novice MiFi
D:5 Dowan; Duvessa
D:6 Menkaure
D:12 exclusion: obsidian statue, Azrael
Lair:6 exclusion: oklob plant
Elf:1 Aizul
Elf:2 3 runed doors
Elf:3 Asterion


Innate Abilities, Weirdness & Mutations

You cannot wear armour.
You are incapable of wielding weapons or throwing items.
Your paws allow you to move quietly. (Stealth)
You have sharp claws.
You have razor-sharp teeth.
You have supernaturally acute eyesight. (SInv)
You are carnivorous and can eat meat at any time.
You cover ground quickly.
Your thick and shaggy fur keeps you warm. (AC +3, rC+)
You have a slow metabolism.
Your sharp claws are effective at attacking unaware monsters.
You are agile. (Dex +2)
Your body sometimes deteriorates upon taking damage.
You are very robust. (+20% HP)
You are weak. (Str -2)


Message History

Aim: a jumping spider (severely wounded, covered in liquid flames)
The flame tongue hits the jumping spider.
The jumping spider appears unharmed.
The jumping spider is severely wounded.
The jumping spider burns!
The jumping spider barely misses you. The jumping spider bites you.
The orb spider spins a strand of pure energy.
The jumping spider leaps!
You struggle to detach yourself from the web.
The jumping spider burns!
You kill the jumping spider!
You struggle to detach yourself from the web.
You struggle to detach yourself from the web.
The orb spider weaves a glowing orb of energy.
An orb of destruction comes into view.
The web tears apart.
The orb spider begins to weave its threads into a brightly glowing ball.
The orb of destruction hits you!
Ouch! That really hurt!
You die...

...# ##.## ##.# ..##
##.## ##..#### ..##
#.## ##..#...# ...###^#
##..#...#
...##.####.##....#
.##..####.##.###.# #
###.#..#######.###
##..## ###....# #
#.....## #...@..# #.#
#....... #...§..#...#
#........ #...§...#
.......... #..§....#
...s.)...#.....§.....#
......s..###..s.......#
s..s.s....
#.......#....
#.......##..# #....$..#
..#


You could see an orb spider.

Vanquished Creatures
  Gastronok (D:10)
  A deep elf blademaster (Elf:3)
  Snorg (Orc:1)
  Josephine (Orc:1)
  4 merfolk impalers (Shoals:1)
  Erolcha (D:12)
  A rakshasa (D:13)
  Fannar (Orc:1)
  5 hydras
  A centaur warrior (D:14)
  5 two-headed ogres
  Urug (D:13)
  2 orc high priests
  Sonja (Orc:2)
  3 sea snakes (Shoals:1)
  An unseen horror (D:10)
  5 orc knights
  2 ugly things (D:12)
  7 deep elf magi
  2 shining eyes
  2 orc sorcerers
  2 orb spiders
  2 cyclopes
  4 slime creatures
  3 fauns (Shoals:1)
  4 wolf spiders
  4 manticores
  Joseph (Lair:1)
  3 black mambas
  4 elephants (Lair:4)
  2 torpor snails (Lair:3)
  A water nymph (Shoals:1)
  Maurice (D:10)
  3 spiny frogs
  A rime drake (Lair:6)
  3 komodo dragons
  3 jumping spiders (Spider:1)
  4 merfolk (Shoals:1)
  4 trolls
  A wind drake (Shoals:1)
  A queen bee (D:8)
  7 blink frogs
  9 dream sheep
  5 hippogriffs
  2 air elementals (Elf:1)
  5 redbacks (Spider:1)
  4 wraiths
  A tarantella (Spider:1)
  5 fire elementals
  24 yaks
  A basilisk (Lair:1)
  7 hungry ghosts
  3 vampire mosquitoes
  8 wargs
  2 acid dragons
  A soldier ant (D:11)
  10 hell hounds
  9 water moccasins
  An ice beast (shapeshifter) (Elf:3)
  11 porcupines
  37 orc warriors
  3 eyes of draining
  9 ice beasts
  A phantom (D:12)
  13 black bears
  4 sky beasts
  2 necrophages (D:9)
  9 ogres
  13 centaurs
  9 wolves
  13 crocodiles
  3 big kobolds
  2 wyvern zombies
  15 bullfrogs
  6 scorpions
  3 troll zombies (D:12)
  34 killer bees
  2 howler monkeys
  An electric eel (Lair:1)
  3 crimson imps
  17 jellies
  2 centaur zombies
  A quasit (D:10)
  7 hounds
  15 orc priests
  2 centaur skeletons
  17 orc wizards
  3 bullfrog skeletons
  4 iguanas
  A merfolk avatar (Sewer)
  2 merfolk sirens
  3 worker ants
  3 ogre zombies (D:12)
  A hound zombie (D:6)
  A hound skeleton (D:9)
  10 gnolls
  7 adders
  3 river rats (Sewer)
  A white imp (Lair:6)
  An ooze (Lair:6)
  An adder zombie (D:9)
  A worm (D:3)
  An adder skeleton (D:8)
  A dart slug (D:2)
  9 leopard geckos
  67 orcs
  6 ball pythons (Sewer)
  11 giant cockroaches
  2 gnoll zombies (D:9)
  8 goblins
  7 hobgoblins
  10 jackals
  12 kobolds
  2 quokkas
  5 bats
  6 frilled lizards
  A goblin skeleton (D:12)
  3 goblin zombies (D:12)
  2 hobgoblin zombies (D:12)
  A leopard gecko zombie (D:8)
  3 orc skeletons (D:12)
  10 orc zombies (D:12)
  A quokka zombie (D:8)
  27 rats
694 creatures vanquished.

Vanquished Creatures (collateral kills)
  Saint Roka (Elf:2)
  A deep elf blademaster (Elf:3)
  2 deep elf sorcerers (Elf:3)
  A deep elf elementalist (Elf:3)
  A deep elf demonologist (Elf:3)
  A deep elf death mage (Elf:3)
  3 deep elf high priests (Elf:3)
  12 dancing weapons
  An orc high priest (Elf:1)
  5 deep elf knights
  6 deep elf archers
  16 deep elf magi
  3 orc warriors
  3 air elementals
  5 water elementals
  A fire elemental (Elf:2)
  An earth elemental (Elf:1)
  An orc wizard (Elf:1)
  2 orcs (Elf:2)
66 creatures vanquished.

Vanquished Creatures (others)
  A deep elf master archer (Elf:3)
  A deep elf sorcerer (Elf:3)
  2 deep elf elementalists (Elf:3)
  A deep elf demonologist (Elf:3)
  2 deep elf annihilators (Elf:3)
  3 deep elf death magi (Elf:3)
  2 dancing weapons (Elf:2)
  A deep elf knight (Elf:1)
  12 deep elf magi
  A troll (Elf:2)
  A warg (Elf:2)
  2 orc warriors
  A sky beast (D:7)
  A phantom (D:7)
  2 centaurs (Orc:2)
  An earth elemental (Elf:2)
  An orc priest (Elf:2)
  2 orc wizards
  3 orcs
  18 fungi
  16 plants
74 creatures vanquished.

Grand Total: 834 creatures vanquished

Notes
Turn   | Place    | Note
-------+----------+-------------------------------------------
     0 | D:1      | inc the Felid Fire Elementalist began the quest for the Orb.
     0 | D:1      | Reached XP level 1. HP: 7/7 MP: 4/4
    27 | D:1      | Reached skill level 1 in Conjurations
   798 | D:2      | Reached XP level 2. HP: 9/11 MP: 3/6
  1495 | D:1      | Reached XP level 3. HP: 14/14 MP: 3/7
  2362 | D:3      | Reached XP level 4. HP: 18/18 MP: 6/8
  2861 | D:3      | Noticed an orc warrior
  3221 | D:3      | Reached XP level 5. HP: 21/21 MP: 7/9
  3582 | D:3      | Killed an orc warrior
  3909 | D:3      | Noticed Natasha
  3917 | D:3      | Learned a level 4 spell: Sticky Flame
  4133 | D:4      | Found a stormy altar of Qazlal.
  4538 | D:4      | Found a glowing drain.
  4553 | Sewer    | Entered a sewer
  4751 | Sewer    | Gained mutation: You are covered in thick fur. (AC +2) [Felid growth]
  4751 | Sewer    | Reached XP level 6. HP: 24/24 MP: 8/10
  5494 | D:4      | Learned a level 1 spell: Confusing Touch
  5540 | D:4      | Noticed bmj180's ghost (novice MiFi)
  5561 | D:4      | You fall through a shaft!
  5561 | D:5      | Entered Level 5 of the Dungeon
  5704 | D:5      | Reached skill level 1 in Hexes
  5784 | D:5      | Noticed Duvessa
  5784 | D:5      | Noticed Dowan
  5980 | D:4      | Reached skill level 5 in Fire Magic
  5980 | D:4      | Reached XP level 7. HP: 27/27 MP: 5/11
  6388 | D:5      | Reached skill level 5 in Conjurations
  6581 | D:4      | Found a staircase to the Ecumenical Temple.
  6586 | Temple   | Entered the Ecumenical Temple
  6756 | Temple   | Became a worshipper of Gozag Ym Sagoz the Greedy
  6941 | D:5      | Found an iron altar of Okawaru.
  6976 | D:5      | Found a sparkling altar of Nemelex Xobeh.
  6979 | D:5      | Found a stormy altar of Qazlal.
  6985 | D:5      | Found a shimmering altar of Xom.
  7697 | D:6      | Noticed Menkaure
  7848 | D:6      | Reached XP level 8. HP: 31/31 MP: 9/12
  9370 | D:8      | Noticed a hippogriff
  9383 | D:8      | Killed a hippogriff
  9383 | D:8      | Reached XP level 9. HP: 30/34 MP: 7/13
 10340 | D:8      | HP: 1/34 [poisoned by a killer bee]
 10666 | D:8      | Learned a level 5 spell: Fireball
 10909 | D:8      | Noticed a two-headed ogre
 11963 | D:8      | Reached skill level 5 in Spellcasting
 12090 | D:8      | Noticed a queen bee
 12109 | D:8      | Killed a queen bee
 12222 | D:8      | Killed a two-headed ogre
 12222 | D:8      | Reached XP level 10. HP: 10/37 MP: 11/21
 12691 | D:8      | Reached skill level 1 in Fighting
 12859 | D:8      | Found a bloodstained altar of Trog.
 12987 | D:8      | Found a bloodstained altar of Trog.
 13446 | D:9      | Found a basalt altar of Yredelemnul.
 13678 | D:10     | Entered Level 10 of the Dungeon
 13846 | D:10     | Found a shimmering altar of Xom.
 13906 | D:10     | Noticed a two-headed ogre
 13927 | D:10     | Killed a two-headed ogre
 14257 | D:10     | Noticed a two-headed ogre
 14334 | D:10     | Killed a two-headed ogre
 14520 | D:10     | Noticed an unseen horror
 14526 | D:10     | Noticed Maurice
 14538 | D:10     | Killed an unseen horror
 14730 | D:11     | Reached XP level 11. HP: 45/52 MP: 18/22
 14903 | D:11     | HP: 1/52 [acid (13)]
 14909 | D:11     | HP: 2/52 [acid dragon/splash of acid (15)]
 14909 | D:11     | Splashed by an acid dragon's acid
 14910 | D:11     | Reached XP level 10. HP: -6/49 MP: 19/21
 15200 | D:10     | Killed Maurice
 15468 | D:10     | Noticed Gastronok
 15520 | D:9      | Noticed a two-headed ogre
 15535 | D:9      | Killed a two-headed ogre
 15734 | D:9      | Reached skill level 10 in Fighting
 16347 | D:10     | Killed Gastronok
 16347 | D:10     | Reached XP level 11. HP: 46/54 MP: 7/24
 17135 | D:11     | Found a staircase to the Lair.
 17773 | D:12     | Noticed a purple ugly thing
 17869 | D:12     | Noticed a cyan ugly thing
 17896 | D:12     | Killed a cyan ugly thing
 18169 | D:12     | Reached skill level 10 in Spellcasting
 18625 | Lair:1   | Entered Level 1 of the Lair of Beasts
 18625 | Lair:1   | Noticed Joseph
 19577 | D:12     | Found Hoaf's General Store.
 19674 | D:12     | Found a staircase to the Orcish Mines.
 19894 | D:12     | Killed from afar by a manticore
 19895 | D:12     | Reached XP level 10. HP: -2/51 MP: 12/25
 19908 | D:12     | Killed a manticore
 20351 | D:12     | Found Ufootaov's Distillery.
 20367 | D:12     | Gained mutation: You are robust. (+10% HP) [potion of mutation]
 20367 | D:12     | Gained mutation: You are agile. (Dex +2) [potion of mutation]
 20367 | D:12     | Gained mutation: You are very robust. (+20% HP) [potion of mutation]
 20448 | D:12     | Killed a purple ugly thing
 20813 | D:12     | Noticed an obsidian statue
 20825 | D:12     | Noticed a soul eater
 21944 | Orc:1    | Entered Level 1 of the Orcish Mines
 21944 | Orc:1    | Noticed an orc high priest
 21957 | D:12     | Noticed a sun demon
 21957 | D:12     | Killed an orc high priest
 21957 | D:12     | Reached XP level 11. HP: 47/64 MP: 14/27
 22482 | D:12     | Learned a level 1 spell: Apportation
 23200 | D:11     | Bought a ration for 70 gold pieces
 23200 | D:11     | Bought a ration for 70 gold pieces
 23200 | D:11     | Bought a ration for 70 gold pieces
 23200 | D:11     | Bought a ration for 70 gold pieces
 23200 | D:11     | Bought a ration for 70 gold pieces
 23200 | D:11     | Bought a ration for 70 gold pieces
 23200 | D:11     | Bought a ration for 70 gold pieces
 23200 | D:11     | Bought a ration for 70 gold pieces
 23200 | D:11     | Bought a ration for 70 gold pieces
 23200 | D:11     | Bought a ration for 70 gold pieces
 23200 | D:11     | Bought a ration for 70 gold pieces
 23200 | D:11     | Bought a ration for 70 gold pieces
 23221 | Lair:1   | Killed Joseph
 24732 | Lair:2   | Noticed a five-headed hydra
 24759 | Lair:2   | Killed a five-headed hydra
 25257 | Lair:2   | Noticed a four-headed hydra
 25420 | Lair:2   | Killed a four-headed hydra
 25539 | Lair:2   | Found a staircase to the Shoals.
 26137 | Lair:3   | Gained mutation: Your thick and shaggy fur keeps you warm. (AC +3, rC+) [Felid growth]
 26137 | Lair:3   | Reached XP level 12. HP: 52/69 MP: 5/29
 26981 | Lair:3   | Reached skill level 10 in Fire Magic
 27233 | Lair:3   | Reached skill level 10 in Conjurations
 27553 | Lair:4   | Learned a level 3 spell: Mephitic Cloud
 27595 | Lair:4   | Noticed a five-headed hydra
 27625 | Lair:4   | Killed a five-headed hydra
 29373 | Lair:6   | Entered Level 6 of the Lair of Beasts
 29374 | Lair:6   | Noticed a seven-headed hydra
 29548 | Lair:6   | Killed a seven-headed hydra
 29857 | Lair:6   | Reached skill level 5 in Dodging
 30011 | Lair:6   | Noticed a seven-headed hydra
 30064 | Lair:6   | Killed a seven-headed hydra
 31086 | Orc:1    | Noticed Erolcha
 31378 | Orc:1    | Noticed Josephine
 31391 | D:12     | Killed Erolcha
 31391 | D:12     | Reached XP level 13. HP: 33/73 MP: 8/30
 31631 | Orc:1    | Killed Josephine
 32038 | Orc:1    | Noticed Snorg
 32357 | Orc:1    | Noticed Fannar
 32362 | Orc:1    | Killed Snorg
 32362 | Orc:1    | Reached skill level 10 in Dodging
 32597 | Orc:1    | Killed Fannar
 33478 | Orc:2    | Entered Level 2 of the Orcish Mines
 33962 | Orc:2    | Noticed Sonja
 33972 | Orc:2    | Killed Sonja
 34031 | Orc:2    | Found a roughly hewn altar of Beogh.
 34823 | Orc:2    | Found a roughly hewn altar of Beogh.
 35281 | Orc:2    | Found a staircase to the Elven Halls.
 35400 | Orc:2    | Found Billaa's Food Shoppe.
 35400 | Orc:2    | Found Toka's Antique Weapon Boutique.
 35402 | Orc:2    | Found Sanus's General Store.
 35404 | Orc:2    | Found Godiq's Antique Armour Emporium.
 35515 | Orc:2    | Bought a ration for 70 gold pieces
 35515 | Orc:2    | Bought a ration for 70 gold pieces
 35515 | Orc:2    | Bought a ration for 70 gold pieces
 35515 | Orc:2    | Bought a ration for 70 gold pieces
 35515 | Orc:2    | Bought a ration for 70 gold pieces
 35515 | Orc:2    | Bought a ration for 70 gold pieces
 35515 | Orc:2    | Bought a ration for 70 gold pieces
 35515 | Orc:2    | Bought a ration for 70 gold pieces
 35515 | Orc:2    | Bought a ration for 70 gold pieces
 35515 | Orc:2    | Bought a ration for 70 gold pieces
 35515 | Orc:2    | Bought a ration for 70 gold pieces
 36165 | D:12     | Bought a potion of curing for 39 gold pieces
 36165 | D:12     | Bought a potion of curing for 39 gold pieces
 36165 | D:12     | Bought a potion of curing for 39 gold pieces
 36391 | D:13     | Reached skill level 1 in Unarmed Combat
 37515 | Elf:1    | Entered Level 1 of the Elven Halls
 37578 | Elf:1    | Found a radiant altar of Vehumet.
 37659 | Elf:1    | Learned a level 4 spell: Iskenderun's Mystic Blast
 37777 | Elf:1    | Found Ubenesul's Assorted Antiques.
 37993 | Elf:1    | Found Moocatul's Distillery.
 38094 | Elf:1    | Noticed Aizul
 38419 | Elf:1    | Reached skill level 5 in Unarmed Combat
 38865 | Elf:1    | Reached XP level 14. HP: 79/79 MP: 27/31
 39411 | Elf:1    | Found Heicuuf's Assorted Antiques.
 39467 | Elf:1    | Bought a scroll of identify for 58 gold pieces
 39467 | Elf:1    | Bought a scroll of identify for 58 gold pieces
 39624 | Elf:1    | Found Uvaebbod's Antique Weapon Shoppe.
 39625 | Elf:1    | Found Oddakh's Gadget Boutique.
 40122 | Elf:2    | Noticed Saint Roka
 40506 | Elf:2    | Found a runed gate.
 40506 | Elf:2    | Found a runed gate.
 40507 | Elf:2    | Found a runed gate.
 40817 | Elf:3    | Entered Level 3 of the Elven Halls
 40837 | Elf:3    | Noticed a deep elf sorcerer
 40838 | Elf:3    | Noticed a deep elf blademaster
 40840 | Elf:3    | Noticed a deep elf blademaster
 40841 | Elf:3    | Noticed a deep elf elementalist
 40843 | Elf:3    | Noticed a deep elf master archer
 40845 | Elf:3    | Killed a deep elf blademaster
 40847 | Elf:3    | Killed a deep elf master archer
 40848 | Elf:3    | Noticed a deep elf elementalist
 40848 | Elf:3    | Noticed a deep elf elementalist
 40848 | Elf:3    | Noticed a deep elf blademaster
 40858 | Elf:3    | Killed a deep elf blademaster
 40859 | Elf:3    | Killed a deep elf elementalist
 40860 | Elf:3    | Noticed a deep elf master archer
 40860 | Elf:3    | Noticed a deep elf blademaster
 40861 | Elf:3    | Killed a deep elf elementalist
 40863 | Elf:3    | Killed a deep elf sorcerer
 41082 | Elf:3    | Killed a deep elf elementalist
 41223 | Elf:3    | Noticed Asterion
 41230 | Elf:3    | Noticed a deep elf sorcerer
 41235 | Elf:3    | Killed a deep elf sorcerer
 41240 | Elf:3    | Identified the Compendium of Orientation
 41311 | Elf:3    | Got a wavering bronze ring
 41383 | Elf:3    | Identified the ring of Qakekiy {rElec rF- rN+ Dex+6} (You took it off a deep elf mage on level 3 of the Elven Halls)
 41670 | Elf:3    | Found Ytucicirch's General Store.
 41899 | Elf:3    | Bought a scroll of identify for 34 gold pieces
 41911 | Elf:3    | Bought a scroll of acquirement for 884 gold pieces
 42001 | Elf:2    | Killed Saint Roka
 42753 | D:12     | Learned a level 6 spell: Statue Form
 42986 | D:13     | Noticed Azrael
 42990 | D:13     | Reached skill level 1 in Transmutations
 43175 | D:13     | Reached skill level 1 in Earth Magic
 44013 | D:13     | Noticed Urug
 44028 | D:13     | Killed Urug
 44471 | D:11     | Bought a potion of heal wounds for 100 gold pieces
 44471 | D:11     | Bought 2 potions of brilliance for 160 gold pieces
 44471 | D:11     | Bought a potion of heal wounds for 100 gold pieces
 44471 | D:11     | Bought a potion of invisibility for 160 gold pieces
 44471 | D:11     | Bought a potion of heal wounds for 100 gold pieces
 44597 | Lair:3   | Found a hole to the Spider Nest.
 45130 | Lair:6   | Found a staircase to the Slime Pits.
 45229 | Lair:6   | Found an ancient bone altar of Kikubaaqudgha.
 45363 | Lair:6   | Reached XP level 15. HP: 81/82 MP: 9/32
 45416 | Slime:1  | Entered Level 1 of the Pits of Slime
 45418 | Slime:1  | Gained mutation: You are weak. (Str -2) [a shining eye]
 45539 | Lair:6   | Gained mutation: Your body sometimes deteriorates upon taking damage. [a shining eye]
 46404 | Shoals:1 | Entered Level 1 of the Shoals
 46607 | Shoals:1 | Reached skill level 5 in Transmutations
 46874 | Shoals:1 | Slain by a merfolk impaler
 46875 | Shoals:1 | Reached XP level 14. HP: 0/79 MP: 15/31
 46954 | Shoals:1 | Reached skill level 5 in Earth Magic
 47676 | Spider:1 | Entered Level 1 of the Spider Nest
 48508 | Spider:1 | Slain by a wolf spider
 48509 | Spider:1 | Reached XP level 13. HP: 0/73 MP: 13/30
 48899 | Spider:1 | Blown up by an orb spider

Skill      XL: |  1  2  3  4  5  6  7  8  9 10 11 12 13 14 15 |
---------------+----------------------------------------------+-----
Conjurations   | 1 2 3 4 6 7 8 9 10 11 | 11.6
Fire Magic     | 3 4 5 6 7 8 9 10 11 | 11.6
Hexes          | 1 3 |  3.2
Spellcasting   | 6 11 12 | 12.8
Fighting       | 10 | 10.0
Dodging        | 8 12 | 12.5
Unarmed Combat | 5 6 |  6.7
Transmutations | 7 6 5 |  7.0
Earth Magic    | 5 4 |  5.8
Stealth        | |  2.6

Action                   |  1- 3 |  4- 6 |  7- 9 | 10-12 | 13-15 || total
-------------------------+-------+-------+-------+-------+-------++-------
Melee: Unarmed           |     9 |    25 |     4 |   311 |   167 ||   516
       Bite              |       |     1 |     1 |    52 |    20 ||    74
       Punch             |       |       |       |       |     1 ||     1
 Cast: Flame Tongue      |    61 |   138 |   261 |   662 |   442 ||  1564
       Confusing Touch   |       |       |     1 |    18 |    33 ||    52
       Sticky Flame      |       |       |     3 |   185 |   195 ||   383
       Fireball          |       |       |       |    48 |    91 ||   139
       Apportation       |       |       |       |     5 |     1 ||     6
       Iskenderun's Myst |       |       |       |       |    45 ||    45
       Mephitic Cloud    |       |       |       |       |     2 ||     2
Invok: Call Merchant     |       |       |       |     1 |     2 ||     3
       Bribe Branch      |       |       |       |       |     1 ||     1
  Use: Potion            |       |     2 |       |     5 |     5 ||    12
       Scroll            |       |       |     8 |     9 |    10 ||    27
 Stab: Confused          |       |       |       |    22 |    11 ||    33
       Sleeping          |       |       |       |       |     4 ||     4
       Distracted        |       |       |       |       |     1 ||     1
  Eat: Chunk             |     4 |    13 |       |       |       ||    17
       Ration            |       |     1 |     4 |    27 |    21 ||    53
Armor: Skin              |     4 |     3 |     7 |   102 |    56 ||   172
Dodge: Dodged            |    46 |    62 |   125 |   713 |   811 ||  1757
Block: Other             |       |       |       |    30 |   157 ||   187
       Reflection        |       |       |       |     1 |    27 ||    28
